 Dungeon Crawl Stone Soup version 0.21.1-1-g345015f (webtiles) character file.

44 shakethe the Skirmisher (level 3, 0/24 HPs)
             Began as a Gargoyle Fighter on Feb 15, 2018.
             Slain by an iguana (6 damage)
             ... on level 3 of the Dungeon.
             The game lasted 00:01:49 (1705 turns).

shakethe the Skirmisher (Gargoyle Fighter)          Turns: 1705, Time: 00:01:50

Health: 0/24       AC: 12    Str: 19    XL:     3   Next: 60%
Magic:  12/12      EV:  7    Int:  9    God:
Gold:   118        SH:  9    Dex:  9    Spells: 2/2 levels left

rFire    . . .     SeeInvis .   a - +0 war axe
rCold    . . .     Gourm    .   c - +0 shield
rNeg     + . .     Faith    .   b - +0 scale mail
rPois    ∞         Spirit   .   (no helmet)
rElec    +         Reflect  .   (no cloak)
rCorr    .         Harm     .   l - +1 pair of gloves
MR       .....                  (no boots)
Stlth    ..........             (no amulet)
HPRegen  0.08/turn              m - ring of magical power {MP+9}
MPRegen  0.13/turn              (no ring)

@: no status effects
A: negative energy resistance 1, electricity resistance, unbreathing,
petrification resistance, rot immunity, AC +3
a: no special abilities


You were on level 3 of the Dungeon.
You were hungry.

You visited 1 branch of the dungeon, and saw 3 of its levels.

You collected 118 gold pieces.

Inventory:

Hand Weapons
 a - a +0 war axe (weapon)
Armour
 b - a +0 scale mail (worn)
 c - a +0 shield (worn)
 l - a +1 pair of gloves (worn)
   (You found it on level 2 of the Dungeon)
Jewellery
 m - a ring of magical power (left hand) {MP+9}
   (You found it on level 2 of the Dungeon)
Scrolls
 g - 4 scrolls of identify {unknown}
 h - a scroll of noise {unknown}
 i - a scroll of remove curse {unknown}
 j - a scroll of teleportation {unknown}
Potions
 d - 2 potions of might
 e - 2 potions of curing {unknown}
 k - a potion of resistance {unknown}
 n - a potion of brilliance {unknown}
 o - 2 potions of invisibility {unknown}
 p - a potion of mutation {unknown}
Comestibles
 f - 4 rations


   Skills:
 + Level 3.7 Fighting
 * Level 2.8 Axes
 + Level 3.7 Armour
 - Level 3.2 Shields


You had 2 spell levels left.
You didn't know any spells.

Dungeon Overview and Level Annotations

Branches:
Dungeon (3/15)

Altars:
Sif Muna


Innate Abilities, Weirdness & Mutations

You are resistant to torment.
Your stone body is resilient. (AC +3)
You are immune to poison.
You resist negative energy. (rN+)
You are resistant to electric shocks. (rElec)
You can survive without breathing.
You are immune to petrification.
You are immune to rotting.


Message History

The jackal bites you but does no damage. x3
You block the jackal's attack.
The jackal bites you but does no damage.
Health restored: 24 You closely miss the jackal.
You slash the jackal!
You kill the jackal!
You block the jackal's attack.
You miss the jackal. The jackal barely misses you.
The jackal bites you but does no damage.
The jackal completely misses you.
You completely miss the jackal. You block the jackal's attack.
The jackal bites you but does no damage.
You hit the jackal but do no damage. The jackal barely misses you.
The jackal bites you but does no damage.
You hit the jackal.
You kill the jackal!
No target in view!
No target in view!
No target in view!
No target in view!
No target in view!
No target in view!
No target in view!
No target in view!
No target in view!
No target in view!
No target in view!
No target in view!
An orc comes into view. It is wielding a war axe.
The orc shouts!
The orc hits you with a war axe.
You take 2 damage, and have 22/24 hp.
You closely miss the orc. You block the orc's attack.
You slash the orc!
You kill the orc!
No target in view!
No target in view!
No target in view!
No target in view!
No target in view!
No target in view!
No target in view!
No target in view!
No target in view!
You see here a war axe.
You now have 118 gold pieces (gained 14).
You are feeling hungry.
Health restored: 24 No target in view!
No target in view!
No target in view!
No target in view!
You open the large door.
An iguana comes into view.
The iguana hisses angrily.
Something shouts, "Despond, thou currish bat-fowling tinkerer!"
The iguana bites you but does no damage.
There is a large open door here.
You hit the iguana but do no damage. The iguana bites you!
The iguana bites you.
A shadow imp comes into view.
You take 11 damage, and have 13/24 hp.
MASSIVE DAMAGE!!
You closely miss the iguana. The iguana closely misses you.
Your shield and scale mail prevent you from hitting the shadow imp.
You hit the iguana but do no damage. The iguana barely misses you.
You block the shadow imp's attack.
You closely miss the shadow imp. You closely miss the iguana.
You block the iguana's attack.
The shadow imp hits you but does no damage.
The iguana bites you.
You take 2 damage, and have 11/24 hp.
You hit the shadow imp. You barely miss the iguana.
The shadow imp hits you but does no damage.
The iguana bites you.
The shadow imp hits you but does no damage.
You take 2 damage, and have 9/24 hp.
You hit the shadow imp. You hit the iguana but do no damage.
The iguana barely misses you. You block the shadow imp's attack.
You block the iguana's attack. The shadow imp hits you.
* * * LOW HITPOINT WARNING * * *
You take 2 damage, and have 7/24 hp.
You slash the shadow imp!
You kill the shadow imp!
You hit the iguana but do no damage. The iguana barely misses you.
You hit the iguana but do no damage. The iguana barely misses you.
You block the iguana's attack.
The iguana bites you but does no damage.
A rat comes into view.
The iguana bites you.
* * * LOW HITPOINT WARNING * * *
You take 3 damage, and have 5/24 hp.
The rat bites you but does no damage.
You slash the rat!
You kill the rat!
You barely miss the iguana.
The iguana hisses menacingly.
The iguana bites you but does no damage.
You hit the iguana but do no damage. The iguana bites you.
You die...

.....#.#
......#.########
#++####........#
#.......######.#
######### #.#
#.# #.# #
#######l#.#
.......@.#
#######........
#########


You could see an iguana.

Vanquished Creatures
  A shadow imp (D:3)
  A worm (D:2)
  A dart slug (D:2)
  A leopard gecko (D:2)
  An orc (D:3)
  3 giant cockroaches
  2 goblins (D:2)
  2 hobgoblins (D:1)
  4 jackals (D:3)
  A ball python (D:2)
  4 bats
  A frilled lizard (D:2)
  3 kobolds
  2 rats (D:3)
27 creatures vanquished.

Notes
Turn   | Place    | Note
-------+----------+-------------------------------------------
     0 | D:1      | shakethe the Gargoyle Fighter began the quest for the Orb.
     0 | D:1      | Reached XP level 1. HP: 14/14 MP: 1/1
   378 | D:1      | Reached skill level 2 in Axes
   831 | D:1      | Reached XP level 2. HP: 19/19 MP: 2/2
   895 | D:2      | Found a deep blue altar of Sif Muna.
  1306 | D:2      | Reached XP level 3. HP: 10/23 MP: 3/3
  1692 | D:3      | HP: 5/24 [iguana (3)]
  1705 | D:3      | Slain by an iguana

Skill      XL: |  1 |
---------------+----+-----
Axes           | 2 |  2.8
Fighting       | |  3.7
Armour         | |  3.7
Shields        | |  3.2

Action                   || total
-------------------------++-------
Melee: War axe           ||   105
  Eat: Chunk             ||     2
Armor: Scale mail        ||    54
Dodge: Dodged            ||    39
Block: Shield            ||    51

Vault maps used:
D:1:      lordsloth_arrival_two_stooges
D:2:      lemuel_crystal_altar, first_ration
D:3:      kennysheep_generic_room_7, uniq_natasha, uniq_robin

Table legend:
 A = Turns spent in this place as a percentage of turns spent in the entire game.
 B = Non-inter-level travel turns spent in this place as a percentage of non-inter-level travel turns spent in the entire game.
 C = Inter-level travel turns spent in this place as a percentage of turns spent in this place.
 D = Turns resting spent in this place as a percentage of non-inter-level travel turns spent in this place.
 E = Turns spent auto-exploring this place as a percentage of non-inter-level travel turns spent in this place.
 F = Non-inter-level travel turns spent in this place divided by the number of levels of this place that you've seen.
                   A       B       C       D       E      F
               +-------+-------+-------+-------+-------+----------------------
         Total | 100.0 | 100.0 |   0.0 |   0.0 |  80.9 | 568.3
       Dungeon | 100.0 | 100.0 |   0.0 |   0.0 |  80.9 | 568.3
               +-------+-------+-------+-------+-------+----------------------

Table legend:
 A = Kills in this place as a percentage of kills in entire the game.
 B = Kills by you in this place as a percentage of kills by you in the entire game.
 C = Kills by friends in this place as a percentage of kills by friends in the entire game.
 D = Other kills in this place as a percentage of other kills in the entire game.
 E = Experience gained in this place as a percentage of experience gained in the entire game.
 F = Experience gained in this place divided by the number of levels of this place that you have seen.
                   A       B       C       D       E      F
               +-------+-------+-------+-------+-------+----------------------
         Total | 100.0 | 100.0 |   N/A |   N/A | 100.0 |  21.0
       Dungeon | 100.0 | 100.0 |   N/A |   N/A | 100.0 |  21.0
               +-------+-------+-------+-------+-------+----------------------
